 Dungeon Crawl Stone Soup version 0.21-a0-279-g6037ffb (webtiles) character file.

915 aurelian the Ruffian (level 7, -1/84 HPs)
             Began as a Demigod Wanderer on Sept 23, 2017.
             Slain by an orc
             ... wielding a +0 war axe
              (7 damage)
             ... on level 5 of the Dungeon.
             The game lasted 00:17:06 (7850 turns).

aurelian the Ruffian (Demigod Wanderer)             Turns: 7850, Time: 00:17:07

Health: -1/84      AC:  5    Str: 23    XL:     7   Next: 52%
Magic:  14/14      EV: 12    Int: 17    God:
Gold:   237        SH:  0    Dex: 15    Spells: 6/11 levels left

rFire    . . .     SeeInvis .   I - +3 demon trident (drain)
rCold    . . .     Gourm    .   (no shield)
rNeg     . . .     Faith    .   j - +0 leather armour
rPois    .         Spirit   .   (no helmet)
rElec    .         Reflect  .   i - +0 cloak
rCorr    .         Harm     .   q - +0 pair of gloves (curse)
MR       .....                  (no boots)
Stlth    ..........             (no amulet)
HPRegen  0.24/turn              (no ring)
MPRegen  0.14/turn              (no ring)

@: berserking, very quick
A: high mp 1
a: no special abilities


You were on level 5 of the Dungeon.
You were not hungry.

You visited 1 branch of the dungeon, and saw 5 of its levels.

You collected 237 gold pieces.

Inventory:

Hand Weapons
 b - a +1 hunting sling
 e - a +0 dagger
 g - a +0 spear
 x - a +0 blowgun
 I - a +3 demon trident of draining (weapon)
Missiles
 h - 216 stones (quivered)
 k - 14 bolts
 y - 40 poisoned needles
 D - 23 sling bullets
Armour
 d - a +0 robe
 i - a +0 cloak (worn)
 j - a +0 leather armour (worn)
 q - a cursed +0 pair of gloves (worn)
 F - a +2 shield
Jewellery
 K - an uncursed amulet of magic regeneration {unknown}
Wands
 G - a wand of iceblast (3/15)
 H - a wand of lightning (4/15)
Scrolls
 o - 2 scrolls of enchant weapon
 p - a scroll of amnesia
 s - a scroll of fog
 u - a scroll of recharging {unknown}
 z - a scroll of blinking {unknown}
 A - a scroll of remove curse
 B - a scroll of identify
 C - a scroll of magic mapping {unknown}
 E - a scroll of teleportation {unknown}
Potions
 c - a potion of degeneration {unknown}
 l - a potion of brilliance
 m - 3 potions of resistance {unknown}
 r - a potion of agility {unknown}
 t - a potion of might {unknown}
 J - a potion of flight {unknown}
Books
 a - a book of Battle

   Spells                             Type                      Level
   a - Infusion                       Charms                       1
   b - Shroud of Golubria             Charms/Translocation         2
   c - Song of Slaying                Charms                       2
   d - Spectral Weapon                Hexes/Charms                 3
   e - Regeneration                   Charms/Necromancy            3
 v - the Grimoire of Transmutation

   Spells                             Type                      Level
   a - Beastly Appendage              Transmutation                1
   b - Spider Form                    Transmutation/Poison         3
Comestibles
 f - a bread ration
 L - 4 chunks of flesh


   Skills:
 + Level 2.4 Fighting
 * Level 3.1 Polearms
 + Level 2.4 Dodging
 - Level 1.0 Stealth
 - Level 1.0 Shields
 - Level 5.4 Unarmed Combat
 - Level 2.6 Spellcasting
   Level 1.0 Conjurations
 - Level 1.7 Charms
 - Level 2.6 Transmutations
   Level 1.7 Air Magic


You had 6 spell levels left.
You knew the following spells:

 Your Spells              Type           Power        Failure   Level  Hunger
a - Infusion              Chrm           #...         10%         1    #......
b - Beastly Appendage     Tmut           ##....       7%          1    #......
c - Spider Form           Tmut/Pois      #.........   34%         3    ###....


Dungeon Overview and Level Annotations

Branches:
Dungeon (5/15)
 Temple: D:4-7

Annotations:
D:4 aurelian's ghost, amateur DgWn


Innate Abilities, Weirdness & Mutations

You have an increased reservoir of magic. (+10% MP)


Message History

Unknown command.
You feel better. The centaur hits you!
* * * LOW HITPOINT WARNING * * *
The centaur hits you.
* * * LOW HITPOINT WARNING * * *
The orc misses you. The orc hits you with a short sword.
* * * LOW HITPOINT WARNING * * *
Unknown command.
Okay, then.
It was a potion of berserk rage.
A red film seems to cover your vision as you go berserk!
You feel yourself moving faster!
You feel mighty! The centaur barely misses you. The orc closely misses you.
The orc barely misses you.
You barely miss the centaur. The centaur hits you.
* * * LOW HITPOINT WARNING * * *
The worker ant waves its antennae.
You barely miss the centaur. The centaur barely misses you.
The orc hits you but does no damage. The orc hits you with a war axe!
You die...

############ ...........# ###
#######....########## .(..
#....##.......#
.....########.o..##.......####
.....#.......ao@.''.......+..#
.........(....c..##.......##.###
#'#....)(........##.####'#<#.##.
..'......((()...................
..#...........#####.######.#....
#...........# #... .#####..
................# #### #........
.....#######....# ..P#########
..... #....# ...P.##..!..


You could see a centaur, a worker ant and 2 orcs.

Vanquished Creatures
  The ghost of edsrzf the Sneak, an amateur OpAs of Gozag (D:5)
  2 steam dragons
  An ogre (D:4)
  A centaur (D:3)
  A big kobold (D:4)
  A hound (D:4)
  A bullfrog skeleton (D:4)
  A worker ant (D:4)
  3 gnolls
  3 adders
  An ooze (D:1)
  An adder skeleton (D:4)
  3 dart slugs
  4 leopard geckos
  6 orcs
  2 giant cockroaches
  9 goblins
  6 hobgoblins
  2 jackals (D:4)
  2 quokkas
  4 ball pythons
  7 bats
  4 frilled lizards
  32 kobolds
  8 rats
106 creatures vanquished.

Vanquished Creatures (others)
  A fungus (D:5)
  A plant (D:4)
2 creatures vanquished.

Grand Total: 108 creatures vanquished

Notes
Turn   | Place    | Note
-------+----------+-------------------------------------------
     0 | D:1      | aurelian the Demigod Wanderer began the quest for the Orb.
     0 | D:1      | aurelian set off with: a book of Battle, the Grimoire of Transmutation, a potion of lignification, a +0 robe, a +0 dagger, a bread ration
     0 | D:1      | Reached XP level 1. HP: 14/14 MP: 6/6
     0 | D:1      | Identified the Grimoire of Transmutation
     2 | D:1      | Learned a level 1 spell: Infusion
   560 | D:1      | Reached skill level 1 in Unarmed Combat
   823 | D:1      | Reached XP level 2. HP: 20/20 MP: 5/8
   956 | D:1      | Reached skill level 2 in Unarmed Combat
  1874 | D:1      | Reached XP level 3. HP: 17/26 MP: 3/9
  2775 | D:2      | Reached skill level 3 in Unarmed Combat
  3524 | D:3      | Learned a level 1 spell: Beastly Appendage
  3602 | D:3      | Reached XP level 4. HP: 29/33 MP: 6/10
  4927 | D:3      | Noticed a centaur
  4945 | D:3      | Killed a centaur
  4945 | D:3      | Reached skill level 4 in Unarmed Combat
  4945 | D:3      | Reached skill level 1 in Transmutations
  4945 | D:3      | Reached XP level 5. HP: 25/38 MP: 5/11
  5163 | D:4      | Noticed an ogre
  5208 | D:4      | Noticed aurelian's ghost (amateur DgWn)
  5989 | D:4      | Learned a level 3 spell: Spider Form
  6084 | D:4      | Found an ornate altar of the Wu Jian Council.
  6190 | D:4      | Killed an ogre
  6190 | D:4      | Reached skill level 5 in Unarmed Combat
  6190 | D:4      | Reached XP level 6. HP: 37/45 MP: 13/13
  7254 | D:5      | Entered Level 5 of the Dungeon
  7254 | D:5      | Noticed a steam dragon
  7255 | D:5      | Noticed a steam dragon
  7269 | D:4      | Killed a steam dragon
  7269 | D:4      | Reached skill level 1 in Fighting
  7269 | D:4      | Reached skill level 1 in Polearms
  7269 | D:4      | Reached skill level 1 in Dodging
  7632 | D:5      | Noticed edsrzf's ghost (amateur OpAs)
  7669 | D:5      | Killed edsrzf's ghost
  7669 | D:5      | Reached XP level 7. HP: 33/55 MP: 10/14
  7815 | D:5      | Killed a steam dragon
  7850 | D:5      | Slain by an orc

Vault maps used:
D:1:      onia_arrival_larder, minivault_4
D:3:      kennysheep_nub
D:4:      kennysheep_kobold_camp, lemuel_coloured_pillars_altar,
          minmay_crossroads
D:5:      kennysheep_steamy, lemuel_crystal_altar, first_bread

Skill      XL: |  1  2  3  4  5  6  7 |
---------------+----------------------+-----
Unarmed Combat | 1 2 3 4 5 |  5.4
Transmutations | 1 2 |  2.6
Fighting       | 2 |  2.4
Polearms       | 2 3 |  3.1
Dodging        | 2 |  2.4
Stealth        | |  1.0
Shields        | |  1.0
Spellcasting   | |  2.6
Conjurations   | |  1.0
Charms         | |  1.7
Air Magic      | |  1.7

Action                   |  1- 3 |  4- 6 |  7- 9 || total
-------------------------+-------+-------+-------++-------
Melee: Spear             |    34 |       |       ||    34
       Unarmed           |   128 |   162 |       ||   290
       Punch             |     1 |     3 |       ||     4
       Kick              |       |    12 |       ||    12
       Headbutt          |       |     3 |       ||     3
       Demon trident     |       |    13 |    12 ||    25
 Fire: Blowgun           |       |     7 |       ||     7
 Cast: Infusion          |    30 |    12 |       ||    42
       Beastly Appendage |       |    20 |       ||    20
       Spider Form       |       |     1 |       ||     1
Evoke: Wand              |       |     3 |       ||     3
  Use: Scroll            |     2 |     4 |       ||     6
       Potion            |       |     2 |     4 ||     6
 Stab: Sleeping          |     3 |     1 |       ||     4
  Eat: Chunk             |     7 |     8 |       ||    15
       Royal jelly       |     1 |       |       ||     1
       Meat ration       |       |     1 |       ||     1
Armor: Robe              |     6 |       |       ||     6
       Leather armour    |    42 |    49 |     2 ||    93
       Skin              |       |     3 |       ||     3
Dodge: Dodged            |    81 |    98 |    23 ||   202

Table legend:
 A = Spawn XP
 B = Non-spawn XP
 C = Spawn XP percentage of total XP
 D = Spawn monster count
 E = Non-spawn monster count
 F = Spawn count percentage of total count
 G = Total turns spent on level
                    A         B        C        D         E        F      G
               +---------+---------+-------+---------+---------+-------+---------
         Total |       0 |    1308 |   0.0 |       0 |     106 |   0.0 |  7850
               +---------+---------+-------+---------+---------+-------+---------
           D:1 |       0 |      54 |   0.0 |       0 |      33 |   0.0 |  2344
           D:2 |       0 |      47 |   0.0 |       0 |      14 |   0.0 |  1155
           D:3 |       0 |     179 |   0.0 |       0 |      23 |   0.0 |  2183
           D:4 |       0 |     569 |   0.0 |       0 |      31 |   0.0 |  1895
           D:5 |       0 |     459 |   0.0 |       0 |       5 |   0.0 |   273
               +---------+---------+-------+---------+---------+-------+---------
